 Dungeon Crawl Stone Soup version 0.24.1 (webtiles) character file.

Game seed: 15847041469795999164, levelgen mode: deterministic

258 M4edhros the Sneak (level 6, 0/54 HPs)
             Began as an Octopode Necromancer on Mar 31, 2020.
             Slain by a black bear (9 damage)
             ... on level 5 of the Dungeon.
             The game lasted 00:09:21 (1274 turns).

M4edhros the Sneak (Octopode Necromancer)           Turns: 1274, Time: 00:09:22

Health: 0/54       AC: 30    Str:  7    XL:     6   Next: 16%
Magic:  4/9        EV:  2    Int: 18    God:
Gold:   125        SH:  0    Dex: 14    Spells: 4/9 levels left

rFire    . . .     SeeInvis .   d - +2 mace (protect)
rCold    . . .     Gourm    .   (no shield)
rNeg     + + +     Faith    .   (helmet currently unavailable)
rPois    +         Spirit   .   (no amulet)
rElec    .         Reflect  .   c - ring of stealth
rCorr    .         Harm     .   g - ring of poison resistance
MR       .....     NoTele   +   (no ring)
Stlth    ++++......             (no ring)
HPRegen  0.18/turn              (no ring)
MPRegen  0.11/turn              (no ring)
                                (no ring)
                                (no ring)

@: tree-form, protection aura
A: almost no armour, stealthy swim, (amphibious), 8 rings, (constrict 8)
a: no special abilities


You were on level 5 of the Dungeon.
You were not hungry.
You were a tree.
You visited 1 branch of the dungeon, and saw 6 of its levels.

You collected 125 gold pieces.

Inventory:

Hand Weapons
 d - a +2 mace of protection (weapon)
 h - a +0 dagger of venom
Jewellery
 c - a ring of stealth (left branch)
 g - a ring of poison resistance (right branch)
Scrolls
 e - a scroll of fear
 f - 2 scrolls of remove curse
Potions
 j - a potion of agility {unknown}
 l - a potion of magic {unknown}
 m - a potion of curing
Comestibles
 b - 4 rations
 k - a chunk of flesh


   Skills:
 + Level 3.5 Dodging
 + Level 5.0 Stealth
 * Level 4.0 Unarmed Combat
 - Level 2.0 Spellcasting
 - Level 4.0 Necromancy


You had 4 spell levels left.
You knew the following spells:

 Your Spells              Type           Power        Failure   Level  Hunger
a - Pain                  Necr           ###.         3%          1    #......
b - Animate Skeleton      Necr           N/A          3%          1    #......
c - Regeneration          Chrm/Necr      #.........   24%         3    ###....

Your spell library contained the following spells:

 Spells                   Type           Power        Failure   Level  Hunger
 Vampiric Draining        Necr           ###.......   11%         3    ###....
 Animate Dead             Necr           N/A          34%         4    #####..
 Recall                   Summ/Tloc      N/A          47%         3    ###....
 Borgnjor's Vile Clutch   Necr/Erth      #.........   91%         5    ######.
 Death Channel            Necr           ###.......   99%         6    #######
 Simulacrum               Ice/Necr       #.........   100%        6    #######


Dungeon Overview and Level Annotations

Branches:
Dungeon (6/15)
 Temple: D:4-7

Altars:
Ashenzari
Dithmenos
Elyvilon
Trog
Yredelemnul
The Shining One


Innate Abilities, Weirdness & Mutations

You cannot wear most types of armour.
You are very stealthy in the water. (Stealth+)
((You are amphibious.))
You can wear up to eight rings at the same time.
((You can use your tentacles to constrict eight enemies at once.))
((Your skin changes colour to match your surroundings (Stealth+).))
((Your rubbery body absorbs attacks. (AC +1, EV +1)))


Message History

The black bear bites you but does no damage.
The black bear claws you but does no damage.
The black bear claws you.
* * * LOW HITPOINT WARNING * * *
The black bear bites you but does no damage.
The black bear claws you but does no damage. x2
You hit the black bear.
The black bear is severely wounded.
The black bear bites you.
* * * LOW HITPOINT WARNING * * *
The black bear claws you but does no damage. x2
You closely miss the black bear.
The black bear is severely wounded.
The black bear goes berserk!
You barely miss the black bear.
The black bear is severely wounded.
The black bear bites you but does no damage.
The black bear claws you but does no damage. x2
The black bear bites you!
You die...

.........<....####.#
.####.........#)##.#####
.# #.........'....Z...#
.####.........#.##.###.#
.........#'####....# #.#
#.###.......##########.#
#'# ##.......# #.....#
^^.# #.......#####Z#####
.^^^##.........h♣#.######
..^###.......#####Z.....#
^_.. #+#...#.# #...##.###
##### #...#.# ###.......#
#### ###.#.####..>..#####
#..# ..#.##.....#.#
#..#########.##.#..##.#
.....).......##.#..##.#
....###########.##.##.#


You could see a black bear (berserk).

Vanquished Creatures
  A black bear (D:5)
  A necrophage (D:5)
  A hound (D:5)
  2 adders
  7 orcs
  A bat (D:1)
  2 giant cockroaches
  5 goblins
  A hobgoblin (D:1)
  A quokka (D:3)
  4 frilled lizards
  2 kobolds (D:2)
  A rat (D:1)
  A spectral orc (D:5)
30 creatures vanquished.

Vanquished Creatures (collateral kills)
  An orc wizard (D:3)
1 creature vanquished.

Grand Total: 31 creatures vanquished

Notes
Turn   | Place    | Note
-------+----------+-------------------------------------------
     0 | D:1      | M4edhros the Octopode Necromancer began the quest for the
                  | Orb.
     0 | D:1      | Reached XP level 1. HP: 11/11 MP: 3/3
    65 | D:1      | Reached skill level 3 in Stealth
    65 | D:1      | Reached skill level 1 in Unarmed Combat
    65 | D:1      | Reached XP level 2. HP: 2/17 MP: 0/5
    85 | D:2      | Found a white marble altar of Elyvilon.
   222 | D:2      | Learned a level 1 spell: Animate Skeleton
   351 | D:3      | Reached XP level 3. HP: 10/21 MP: 3/6
   359 | D:3      | Learned a level 3 spell: Regeneration
   591 | D:4      | Reached XP level 4. HP: 14/27 MP: 5/7
   629 | D:4      | Noticed an ogre
   712 | D:5      | Entered Level 5 of the Dungeon
   766 | D:5      | Found a glowing golden altar of the Shining One.
   868 | D:5      | Found a shadowy altar of Dithmenos.
   896 | D:5      | Reached skill level 4 in Stealth
   956 | D:5      | Found a shattered altar of Ashenzari.
  1031 | D:5      | Found a basalt altar of Yredelemnul.
  1189 | D:6      | Found a bloodstained altar of Trog.
  1189 | D:6      | Noticed a black bear
  1189 | D:6      | Noticed a black bear
  1189 | D:6      | Noticed a necrophage
  1197 | D:5      | Killed a black bear
  1197 | D:5      | Reached XP level 5. HP: 16/31 MP: 8/8
  1264 | D:5      | Killed a necrophage
  1264 | D:5      | Reached skill level 5 in Stealth
  1264 | D:5      | Reached XP level 6. HP: 10/36 MP: 2/9
  1274 | D:5      | Slain by a black bear

Levels and vault maps discovered:
D:1:      dpeg_arrival_line_fractal, layout_basic
D:2:      layout_loops_corners, lemuel_crystal_altar, doesnt_xom_only_xom
D:3:      layout_loops_ring, first_ration, nemelex_xobeh_ov_fountains_minmay
D:4:      layout_basic
D:5:      cheibrodos_quashed, layout_basic, nicolae_tso_carved_into_rock,
          ashenzari_altar_1, yredelemnul_forgotten_temple_becter,
          corexii_item_surrounded_by_moat, nicolae_dithmenos_shadow_blocks
D:6:      layout_loops_cross, kennysheep_slug_shrine, minmay_temple_entry_tees,
          gup_sewer_entry_bubbles, trog_ov_bears_minmay, uniq_edmund,
          uniq_prince_ribbit1, uniq_sigmund

Skill      XL: |  1  2  3  4  5 |
---------------+----------------+-----
Stealth        | 3 4 5 |  5.0
Unarmed Combat | 1 2 3 4 |  4.0
Dodging        | 3 |  3.5
Spellcasting   | |  2.0
Necromancy     | |  4.0

Action                   |  1- 3 |  4- 6 || total
-------------------------+-------+-------++-------
Melee: Unarmed           |    30 |       ||    30
       Constrict         |    16 |     8 ||    24
       Tentacles         |     9 |     6 ||    15
       Mace              |    34 |    50 ||    84
       Punch             |       |     4 ||     4
 Cast: Pain              |     6 |       ||     6
       Animate Skeleton  |     8 |     4 ||    12
       Regeneration      |     1 |     3 ||     4
  Use: Scroll            |     3 |     1 ||     4
       Potion            |     1 |     2 ||     3
 Stab: Sleeping          |     1 |     2 ||     3
  Eat: Chunk             |       |     3 ||     3
Armor: Skin              |    10 |    56 ||    66
Dodge: Dodged            |    46 |    32 ||    78
